Map: Terraform LE (Void)

Players

wabbajack - Winner!

  • Race: Zerg Zerg
  • League: Gold

GeneralBen

  • Race: Terran Terran
  • League: Grandmaster

VOD

Have the link to the VOD?

Description

Time

  • Played on: July 21, 2015, 1:45 p.m.
  • Length: 8:49
Show
View Real Time Build Order
Export as new Build Order

wabbajack Zerg - Winner!

Build Orders: Hatch First 

Get SALT Encoding   

  12  0:01  Drone  
  13  0:13  Overlord  
  13  0:18  Drone  
  14  0:23  Extractor  
  14  0:24  Drone  
  15  0:33  Drone  
  16  0:36  Drone  
  17  0:54  Hatchery  
  16  0:59  Drone, Extractor  
  16  1:01  Drone  
  17  1:22  Spawning Pool  
  16  1:25  Drone  
  16  1:26  Drone  
  16  1:30  Drone  
  19  1:41  Drone  
  20  1:50  Overlord  
  20  2:04  Drone  
  20  2:07  Drone  
  22  2:09  Queen  
  22  2:10  Queen  
  26  2:17  Roach Warren, Drone  
  26  2:21  Drone  
  27  2:24  Drone  
  28  2:30  Metabolic Boost  
  28  2:52  Overlord x2  
  28  3:02  Roach  
  28  3:03  Roach x3  
  36  3:09  Overlord  
  36  3:14  Roach  
  38  3:20  Roach  
  38  3:21  Roach x2  
  38  3:25  Roach  
  46  3:33  Zergling x4  
  46  3:34  Zergling x2  
  49  3:42  Spine Crawler  
  48  4:14  Spine Crawler  
  47  4:31  Spine Crawler  
  46  4:42  Spine Crawler  
  41  5:00  Drone x2  
  41  5:01  Drone x6  
  41  5:02  Drone, Overlord x2  
  50  5:09  Hatchery  
  32  5:44  Lair  
  32  5:45  Queen  
  34  5:50  Roach  
  34  5:51  Roach x9  
  54  6:04  Drone  
  54  6:05  Drone x6  
  61  6:31  Overlord  
  61  6:38  Evolution Chamber, Drone x5, Extractor  
  64  6:42  Glial Reconstitution  
  64  6:45  Extractor  
  63  6:58  Overlord x2  
  63  7:22  Roach x7  
  83  7:23  Roach x3  
  83  7:24  Overlord x2  
  83  7:25  Overlord  
  83  7:28  Zergling x8  
  83  7:29  Zergling x6  
  90  8:02  Pneumatized Carapace  
  90  8:09  Hatchery  
  90  8:11  Extractor  
Show
View Real Time Build Order
Export as new Build Order

GeneralBen Terran 

Build Orders:  

Get SALT Encoding   

  12  0:03  SCV  
  13  0:15  SCV  
  14  0:23  Supply Depot  
  14  0:27  SCV  
  15  0:30  Refinery  
  15  0:44  SCV  
  15  0:46  Barracks  
  16  0:56  SCV  
  17  1:04  Barracks  
  17  1:08  SCV  
  18  1:20  SCV  
  19  1:30  Barracks  
  19  1:33  SCV  
  19  1:36  Reaper  
  21  1:44  Refinery  
  21  1:45  SCV  
  22  1:53  Supply Depot  
  22  2:00  SCV  
  23  2:14  SCV, Reaper x2  
  26  2:19  Supply Depot  
  26  2:20  Reaper  
  27  2:39  SCV  
  28  2:46  Reaper x2  
  28  2:47  Supply Depot  
  28  2:51  SCV  
  31  2:53  Reaper  
  32  3:03  SCV  
  33  3:18  Reaper x2  
  35  3:25  Reaper  
  36  3:44  Command Center  
  36  3:51  Reaper x2  
  38  3:57  Reaper  
  36  4:13  SCV  
  37  4:23  Reaper x2  
  39  4:25  SCV  
  39  4:29  Reaper  
  41  4:37  SCV  
  42  4:44  Supply Depot  
  42  4:45  Supply Depot  
  41  4:46  Supply Depot  
  41  4:49  SCV  
  35  4:55  Reaper x2  
  32  5:01  SCV, Reaper  
  26  5:11  Orbital Command  
  26  5:13  SCV  
  22  5:25  SCV  
  22  5:27  Reaper x2  
  19  5:46  SCV x2  
  21  5:58  SCV x2  
  21  5:59  Barracks Tech Lab  
  21  6:01  Marine x2  
  25  6:10  SCV  
  26  6:14  Orbital Command  
  23  6:35  Marauder  
  23  6:38  SCV  
  26  6:50  SCV  
  26  6:54  Bunker  
  27  7:02  SCV  
  28  7:09  Barracks Reactor, Marauder  
  28  7:11  Marine  
  28  7:13  SCV  
  28  7:14  SCV  
  33  7:25  Supply Depot, SCV  
  33  7:29  Marine x2  
  30  7:47  Marine x2  
  28  8:02  Bunker  
  28  8:24  Barracks Reactor  
  23  8:30  Marine x2  
Tags
 
Add a new tag
Caveats
  • Supply blocks, unpowered buildings, or Contaminate may cause inaccurate times.
  • Supply counts are checked every 10 seconds.